 Seeded DCSS version 0.26-a0-964-g69f9a3b9e2 (webtiles) character file.

Game seed: 2393150434104887481 (custom seed)

113 karrick the Sneak (level 4, -1/32 HPs)
             Began as a Gnoll Enchanter on Dec 2, 2020.
             Slain by an orc wizard
             ... wielding a +0 dagger
              (3 damage)
             ... on level 3 of the Dungeon.
             The game lasted 00:03:26 (2484 turns).

karrick the Sneak (Gnoll Enchanter)                 Turns: 2484, Time: 00:03:27

Health: -1/32      AC:  3    Str: 12    XL:     4   Next: 96%
Magic:  11/11      EV: 15    Int: 17    God:
Gold:   119        SH:  0    Dex: 15    Spells: 7/13 levels left

rFire    . . .     SeeInvis .   g - +4 spear
rCold    . . .     Faith    .   (no shield)
rNeg     . . .     Spirit   .   b - +0 robe
rPois    .         Reflect  .   (no helmet)
rElec    .         Harm     .   (no cloak)
rCorr    .         Rampage  .   r - +0 pair of gloves
MR       .....     Rnd*Tele +   (no boots)
Stlth    +++.......             (no amulet)
HPRegen  0.10/turn              j - ring of flight
MPRegen  0.12/turn              p - ring of teleportation (curse)

@: slowed, very slow
A: distributed training, fangs 1, strong nose
a: Evoke Flight


You were on level 3 of the Dungeon.
You visited 1 branch of the dungeon, and saw 3 of its levels.

You collected 119 gold pieces.

Inventory:

Hand Weapons
 a - a +1 dagger
 g - a +4 spear (weapon)
 h - a +4 dagger
 o - a +0 dagger of freezing
Armour
 b - a +0 robe (worn)
 r - a +0 pair of gloves (worn)
Jewellery
 j - a ring of flight (left hand)
 p - a cursed ring of teleportation (right hand)
Scrolls
 d - a scroll of blinking {unknown}
 i - a scroll of remove curse {unknown}
 l - a scroll of fear {unknown}
 m - 3 scrolls of identify {unknown}
 n - a scroll of amnesia {unknown}
 q - 2 scrolls of teleportation {unknown}
Potions
 c - a potion of mutation {unknown}
 e - a potion of lignification {unknown}
 f - 2 potions of resistance {unknown}
 k - a potion of brilliance {unknown}


   Skills:
 + Level 1.3 Fighting
 + Level 2.8 Short Blades
 + Level 1.3 Long Blades
 + Level 1.3 Axes
 + Level 1.3 Maces & Flails
 + Level 1.3 Polearms
 + Level 1.3 Staves
 + Level 1.3 Slings
 + Level 1.3 Bows
 + Level 1.3 Crossbows
 + Level 1.3 Throwing
 + Level 1.3 Armour
 + Level 4.7 Dodging
 + Level 6.1 Stealth
 + Level 1.3 Shields
 + Level 1.3 Unarmed Combat
 + Level 5.1 Spellcasting
 + Level 1.0 Conjurations
 + Level 5.5 Hexes
 + Level 1.0 Summonings
 + Level 1.0 Necromancy
 + Level 1.0 Translocations
 + Level 1.0 Transmutations
 + Level 1.0 Fire Magic
 + Level 1.0 Ice Magic
 + Level 1.0 Air Magic
 + Level 1.0 Earth Magic
 + Level 1.0 Poison Magic
 + Level 1.4 Invocations
 + Level 1.3 Evocations


You had 7 spell levels left.
You knew the following spells:

 Your Spells              Type           Power        Failure   Level
a - Corona                Hex            ###....      1%          1
b - Confusing Touch       Hex            ###.....     4%          3
c - Ensorcelled Hibernat  Hex/Ice        ###...       5%          2

Your spell library contained the following spells:

 Spells                   Type           Power        Failure   Level
 Tukima's Dance           Hex            ###.....     4%          3
 Dazzling Flash           Conj/Hex       ###...       11%         3


Dungeon Overview and Level Annotations

Branches:
Dungeon (3/15)

Altars:
Xom


Innate Abilities, Weirdness & Mutations

Your experience applies equally to all skills.
You have very sharp teeth.
Your uncanny sense of smell can sniff out nearby items.


Message History

The orc wizard is heavily wounded.
The orc wizard gestures at you while chanting.
You feel yourself slow down.
The orc wizard mumbles some strange words.
The orc wizard seems to speed up.
You hit the orc wizard.
The orc wizard is severely wounded.
The orc wizard hits you with a +0 dagger.
The orc wizard points at you and mumbles some strange words.
The magic dart hits you!
* * * LOW HITPOINT WARNING * * *
The orc wizard casts a spell at you. The magic dart hits you!
* * * LOW HITPOINT WARNING * * *
The orc wizard barely misses you.
You hit the orc wizard.
You kill the orc wizard!
The orc wizard misses you.
The orc wizard hits you with a +0 dagger.
You die...

...>.##..###....#
................#
.....###.###....##
>..#####.#
#####.#∆ ∆∆
##.##....# #.# ∆
∆∆ #.##.##.# #.#
#.##.##.# ###.##
##.......# #.))o#
#####.#### #.#@##
.####.# #.###
......# .o. ∆
####### ##.## #o#
∆ §.. #§○ # ... #


You could see an orc wizard.

Vanquished Creatures
  An orc wizard (D:3)
  An adder (D:2)
  2 oozes (D:1)
  2 worms
  3 dart slugs
  3 leopard geckos (D:1)
  An orc (D:3)
  5 giant cockroaches
  8 hobgoblins
  9 jackals
  2 quokkas
  8 bats
  5 frilled lizards
  9 goblins
  6 kobolds
  10 rats
75 creatures vanquished.

Notes
Turn   | Place    | Note
-------+----------+-------------------------------------------
     0 | D:1      | karrick the Gnoll Enchanter began the quest for the Orb.
     0 | D:1      | Reached XP level 1. HP: 13/13 MP: 6/6
    88 | D:1      | Reached XP level 2. HP: 10/19 MP: 7/7
   857 | D:1      | Reached XP level 3. HP: 25/25 MP: 9/9
   862 | D:1      | Reached skill level 5 in Spellcasting
   904 | D:1      | Reached skill level 6 in Stealth
   912 | D:1      | Reached skill level 1 in Invocations
  1004 | D:1      | Reached skill level 1 in Fighting
  1004 | D:1      | Reached skill level 1 in Long Blades
  1004 | D:1      | Reached skill level 1 in Axes
  1004 | D:1      | Reached skill level 1 in Maces & Flails
  1004 | D:1      | Reached skill level 1 in Polearms
  1004 | D:1      | Reached skill level 1 in Staves
  1004 | D:1      | Reached skill level 1 in Slings
  1004 | D:1      | Reached skill level 1 in Bows
  1004 | D:1      | Reached skill level 1 in Crossbows
  1004 | D:1      | Reached skill level 1 in Throwing
  1004 | D:1      | Reached skill level 1 in Armour
  1004 | D:1      | Reached skill level 1 in Shields
  1004 | D:1      | Reached skill level 1 in Unarmed Combat
  1004 | D:1      | Reached skill level 1 in Evocations
  1124 | D:1      | Reached XP level 4. HP: 32/32 MP: 11/11
  1576 | D:2      | Learned a level 3 spell: Confusing Touch
  1579 | D:2      | Learned a level 2 spell: Ensorcelled Hibernation
  1708 | D:2      | Reached skill level 1 in Conjurations
  1708 | D:2      | Reached skill level 1 in Summonings
  1708 | D:2      | Reached skill level 1 in Necromancy
  1708 | D:2      | Reached skill level 1 in Translocations
  1708 | D:2      | Reached skill level 1 in Transmutations
  1708 | D:2      | Reached skill level 1 in Fire Magic
  1708 | D:2      | Reached skill level 1 in Ice Magic
  1708 | D:2      | Reached skill level 1 in Air Magic
  1708 | D:2      | Reached skill level 1 in Earth Magic
  1708 | D:2      | Reached skill level 1 in Poison Magic
  2092 | D:3      | Found a shimmering altar of Xom.
  2094 | D:3      | Found a shimmering altar of Xom.
  2106 | D:3      | Found a shimmering altar of Xom.
  2113 | D:3      | Found a shimmering altar of Xom.
  2484 | D:3      | Slain by an orc wizard

Illustrated notes

Levels and vault maps discovered:
D:1:      roderic_crossed_star, layout_basic, kennysheep_doodads,
          nrook_mini_backslash, minmay_close_crescents
D:2:      layout_loops_ring
D:3:      minmay_chambers_of_twos, layout_loops_cross,
          grunt_dithmenos_smoke_and_mirrors, xom_butterflies, xom_redecorated

Skill      XL: |  1  2  3  4 |
---------------+-------------+-----
Spellcasting   | 5 |  5.1
Stealth        | 6 |  6.1
Invocations    | 1 |  1.4
Fighting       | 1 |  1.3
Long Blades    | 1 |  1.3
Axes           | 1 |  1.3
Maces & Flails | 1 |  1.3
Polearms       | 1 |  1.3
Staves         | 1 |  1.3
Slings         | 1 |  1.3
Bows           | 1 |  1.3
Crossbows      | 1 |  1.3
Throwing       | 1 |  1.3
Armour         | 1 |  1.3
Shields        | 1 |  1.3
Unarmed Combat | 1 |  1.3
Evocations     | 1 |  1.3
Conjurations   | 1 |  1.0
Summonings     | 1 |  1.0
Necromancy     | 1 |  1.0
Translocations | 1 |  1.0
Transmutations | 1 |  1.0
Fire Magic     | 1 |  1.0
Ice Magic      | 1 |  1.0
Air Magic      | 1 |  1.0
Earth Magic    | 1 |  1.0
Poison Magic   | 1 |  1.0
Short Blades   | |  2.8
Dodging        | |  4.7
Hexes          | |  5.5

Action                   |  1- 3 |  4- 6 || total
-------------------------+-------+-------++-------
Melee: Dagger            |    56 |     5 ||    61
       Bite              |    10 |     5 ||    15
       Spear             |    39 |    92 ||   131
 Cast: Corona            |     3 |     1 ||     4
 Stab: Sleeping          |    11 |    14 ||    25
Armor: Robe              |    13 |     1 ||    14
Dodge: Dodged            |    56 |    38 ||    94

Table legend: (Time is in decaauts)
 A = Elapsed time spent in this place.
 B = Non-inter-level travel time spent in this place.
 C = Inter-level travel time spent in this place.
 D = Time resting spent in this place.
 E = Time spent auto-exploring this place.
 F = Levels seen in this place.
 G = Mean time per level.
                   A        B        C        D        E       F      G
               +--------+--------+--------+--------+--------+-----+--------+
         Total |   2480 |   2443 |     37 |     20 |   1976 |   3 |  826.7 |
       Dungeon |   2480 |   2443 |     37 |     20 |   1976 |   3 |  826.7 |
               +--------+--------+--------+--------+--------+-----+--------+

Top non-repeatable levels by time:
     D:1: 1192 daAuts
     D:2: 860 daAuts
     D:3: 428 daAuts
